 Dungeon Crawl Stone Soup version 0.28-a0-1404-g4df0f3684d (webtiles) character file.

Game seed: 13996545301585364695

5711 JamesMcGaha the Fighter (level 10, -7/68 HPs)
             Began as a Gargoyle Berserker on Jan 6, 2022.
             Was a Priest of Trog.
             Mangled by a fire elemental (10 damage)
             ... summoned by a deep elf pyromancer
             ... on level 9 of the Dungeon.
             The game lasted 00:18:13 (11465 turns).

JamesMcGaha the Fighter (Gargoyle Berserker)       Turns: 11465, Time: 00:18:14

Health: -7/68      AC: 20    Str: 31    XL:     10   Next: 76%
Magic:  10/10      EV:  9    Int:  8    God:    Trog [***...]
Gold:   384        SH:  0    Dex:  9    Spells: 9/9 levels left

rFire   . . .      SeeInvis .   f - +0 whip (freeze)
rCold   . . .      Faith    .   (no shield)
rNeg    + . .      Spirit   .   b - +0 plate armour
rPois   ∞          Reflect  .   (no helmet)
rElec   +          Harm     .   (no cloak)
rCorr   .          Rampage  .   i - +0 pair of gloves
Will    .....                   p - +0 pair of boots
Stlth   ..........              (no amulet)
HPRegen 0.21/turn               v - +6 ring of strength
MPRegen 0.12/turn               y - ring of flight

@: about to teleport, on berserk cooldown, flying, slowed, very slow
A: sickness immunity, AC +7, negative energy resistance 1, electricity
resistance, torment resistance 1, petrification resistance
a: Renounce Religion, Berserk, Trog's Hand


You were on level 9 of the Dungeon.
You worshipped Trog.
Trog was most pleased with you.
You visited 1 branch of the dungeon, and saw 9 of its levels.

You collected 384 gold pieces.

Inventory:

Hand Weapons
 a - a +0 mace
 d - a +0 whip
 f - a +0 whip of freezing (weapon)
 q - a +2 flail of holy wrath
 F - a +0 hunting sling of freezing
Missiles
 r - 4 throwing nets (quivered)
Armour
 b - a +0 plate armour (worn)
 i - a +0 pair of gloves (worn)
 j - an orb of mayhem
 p - a +0 pair of boots (worn)
 z - +0 steam dragon scales
 I - a +0 pair of gloves
 K - a +0 troll leather armour
Jewellery
 v - a +6 ring of strength (left hand)
 y - a ring of flight (right hand)
Wands
 s - a wand of mindburst (12)
 w - a wand of polymorph (10)
 A - a wand of flame (13)
 C - a wand of digging (5)
 D - a wand of iceblast (5)
Scrolls
 c - 2 scrolls of amnesia {unknown}
 h - 9 scrolls of identify {unknown}
 k - a scroll of fog {unknown}
 t - a scroll of enchant weapon {unknown}
 E - a scroll of vulnerability {unknown}
 J - a scroll of summoning {unknown}
 L - a scroll of immolation {unknown}
Potions
 l - a potion of attraction {unknown}
 m - a potion of ambrosia {unknown}
 n - 3 potions of mutation {unknown}
 o - a potion of degeneration {unknown}
 u - 2 potions of curing
 x - a potion of might
 B - a potion of brilliance {unknown}
 H - a potion of lignification {unknown}


   Skills:
 + Level 10.5 Fighting
 + Level 9.7 Maces & Flails
 - Level 2.2 Armour
 + Level 7.8 Dodging


You had 9 spell levels left.
You didn't know any spells.
Your spell library was empty.

Dungeon Overview and Level Annotations

Branches:
Dungeon (9/15)             Temple (0/1) D:7
   Lair: D:8-11         Orc: D:9-12

Altars:
Makhleb
Ru
Xom

Shops:
D:1 (

Annotations:
D:2 exclusion: shining eye


Innate Abilities, Weirdness & Mutations

You are immune to sickness and miasma.
Your stone body is resilient. (AC +7)
You are immune to poison.
You resist negative energy. (rN+)
You are resistant to electric shocks. (rElec)
You are resistant to unholy torment.
You are immune to petrification.


Message History

The fire elemental burns you!
The deep elf pyromancer hits you with a +0 long sword!
* * * LOW HITPOINT WARNING * * *
The fire elemental closely misses you.
You closely miss the deep elf pyromancer.
The deep elf pyromancer is moderately wounded.
The fire elemental closely misses you.
The deep elf pyromancer hits you but does no damage.
You hit the deep elf pyromancer but do no damage.
The deep elf pyromancer is moderately wounded.
The fire elemental barely misses you.
The deep elf pyromancer hits you but does no damage.
Okay, then.
You barely miss the deep elf pyromancer.
The deep elf pyromancer is moderately wounded.
The fire elemental hits you. The fire elemental burns you!
* * * LOW HITPOINT WARNING * * *
The deep elf pyromancer hits you but does no damage.
The fire elemental hits you. The fire elemental burns you!
* * * LOW HITPOINT WARNING * * *
You feel much better.
Your skin stops crawling.
You feel less strong-willed. The fire elemental barely misses you.
The deep elf pyromancer hits you but does no damage.
The fire elemental hits you. The fire elemental burns you!
* * * LOW HITPOINT WARNING * * *
As you read the scroll of teleportation, it crumbles to dust.
You feel strangely unstable.
The deep elf pyromancer hits you with a +0 long sword.
* * * LOW HITPOINT WARNING * * *
The fire elemental completely misses you.
The deep elf pyromancer hits you with a +0 long sword.
* * * LOW HITPOINT WARNING * * *
The fire elemental hits you. The fire elemental burns you!
* * * LOW HITPOINT WARNING * * *
Okay, then.
As you read the scroll labelled ATIDAU UTECE, it crumbles to dust.
You speak a Word of immense power!
It was a scroll of holy word.
The fire elemental hits you. The fire elemental burns you!
You die...

#.... #.# #.# #.... #.# #.#
#... #########.#####(# #..
##...............#
#.###..###..#######.#######
#.......○#..# #.#
...#####○#.)# #.#
.#####.#..# #.#
#........E@## #.#
..........e.# #.#
###########.######.#
#........# ##########


You could see a deep elf pyromancer and a fire elemental (summoned).

Vanquished Creatures
  Harold (D:7)
  A two-headed ogre (D:8)
  Pikel (D:4)
  A troll (D:9)
  Prince Ribbit (D:8)
  A shadow (D:7)
  A wyvern (D:9)
  A yak (D:9)
  3 steam dragons
  An acid dragon (D:9)
  A water moccasin (D:7)
  A hornet zombie (D:8)
  An orc warrior (D:9)
  2 ice beasts
  A sky beast (D:5)
  A necrophage (D:5)
  3 ogres
  3 centaurs
  A phantom (D:5)
  Blork the orc (D:4)
  A gnoll sergeant (D:8)
  A bullfrog (D:4)
  A water moccasin zombie (D:6)
  A scorpion (D:6)
  A water moccasin skeleton (D:5)
  A wyvern skeleton (D:7)
  3 wights (D:8)
  2 centaur zombies
  A bullfrog zombie (D:6)
  2 hounds
  A gnoll shaman (D:5)
  2 jellies
  5 orc priests
  Ijyb (D:3)
  4 iguanas
  3 orc wizards
  Natasha (thrice) (D:3)
  A hound skeleton (D:5)
  9 gnolls
  10 adders
  4 white imps
  An adder skeleton (D:4)
  18 orcs
  5 ball pythons
  4 endoplasms
  5 giant cockroaches
  7 goblins
  6 hobgoblins
  8 jackals
  10 kobolds
  6 quokkas
  7 bats
  3 frilled lizards (D:1)
  10 rats
174 creatures vanquished.

Vanquished Creatures (collateral kills)
  A gnoll (D:4)
  2 orcs (D:3)
3 creatures vanquished.

Vanquished Creatures (others)
  2 plants (D:9)
2 creatures vanquished.

Grand Total: 179 creatures vanquished

Notes
Turn   | Place    | Note
-------+----------+-------------------------------------------
     0 | D:1      | JamesMcGaha the Gargoyle Berserker began the quest for the
                  | Orb.
     0 | D:1      | Reached XP level 1. HP: 14/14 MP: 1/1
   343 | D:1      | Reached XP level 2. HP: 10/19 MP: 2/2
   891 | D:1      | Found Hijoepiwk's Weapon Emporium.
   906 | D:1      | Reached XP level 3. HP: 24/24 MP: 3/3
  1850 | D:2      | Reached ** piety under Trog
  1851 | D:2      | Reached skill level 4 in Fighting
  1940 | D:2      | Reached XP level 4. HP: 29/29 MP: 4/4
  1964 | D:2      | Noticed a golden eye
  1966 | D:2      | Found a faded altar of an unknown god.
  1969 | D:2      | Noticed a golden eye
  1981 | D:2      | Noticed a shining eye
  2015 | D:2      | Noticed a golden eye
  2984 | D:3      | Reached XP level 5. HP: 33/34 MP: 5/5
  3161 | D:3      | Noticed Ijyb
  3196 | D:3      | Killed Ijyb
  3477 | D:3      | Noticed Natasha
  3494 | D:3      | Killed Natasha
  3501 | D:3      | Noticed Natasha
  3516 | D:3      | Killed Natasha
  3517 | D:3      | Reached XP level 6. HP: 34/40 MP: 6/6
  3627 | D:3      | Noticed an ice beast
  3644 | D:3      | Found a sacrificial altar of Ru.
  3662 | D:3      | Noticed Natasha
  3674 | D:3      | Killed Natasha
  3675 | D:3      | Reached skill level 5 in Fighting
  3842 | D:3      | Found a burning altar of Makhleb.
  3970 | D:3      | Killed an ice beast
  4263 | D:4      | Noticed Pikel
  4287 | D:4      | Killed Pikel
  4288 | D:4      | Reached skill level 6 in Fighting
  4288 | D:4      | Reached skill level 5 in Maces & Flails
  4288 | D:4      | Reached XP level 7. HP: 29/47 MP: 7/7
  4635 | D:4      | Reached XP level 8. HP: 44/52 MP: 8/8
  4705 | D:4      | Reached *** piety under Trog
  5309 | D:4      | Noticed Blork the orc
  5321 | D:4      | Killed Blork the orc
  5391 | D:5      | Entered Level 5 of the Dungeon
  5457 | D:5      | Reached skill level 7 in Fighting
  5473 | D:5      | Reached skill level 5 in Dodging
  6236 | D:5      | Reached XP level 9. HP: 44/58 MP: 9/9
  6286 | D:5      | Reached skill level 8 in Fighting
  8174 | D:7      | Noticed Harold
  8185 | D:7      | Killed Harold
  8186 | D:7      | Reached skill level 9 in Fighting
  8490 | D:7      | Found a staircase to the Ecumenical Temple.
  8893 | D:7      | Reached XP level 10. HP: 55/66 MP: 10/10
  9793 | D:8      | Noticed Prince Ribbit
  9825 | D:8      | Killed Prince Ribbit
 10426 | D:8      | Noticed a two-headed ogre
 10448 | D:8      | Killed a two-headed ogre
 10449 | D:8      | Reached skill level 10 in Fighting
 10606 | D:8      | Found a shimmering altar of Xom.
 10845 | D:9      | Reached **** piety under Trog
 11445 | D:9      | Noticed a deep elf pyromancer
 11462 | D:9      | HP: 3/68 [fire elemental[a deep elf pyromancer] (12)]
 11465 | D:9      | Mangled by a fire elemental

Illustrated notes

Levels and vault maps discovered:
D:1:      dpeg_arrival_shelter, layout_loops_cross, serial_shops,
          nicolae_shop_bloodbath_and_beyond
D:2:      layout_loops_corners, hellmonk_ecumenical_altar_watching_god,
          minmay_fractal_squares_gapless_5
D:3:      layout_basic, nicolae_ru_the_path_less_chosen, lemuel_crystal_altar,
          minmay_misc_feat_four_crosses, uniq_ijyb, uniq_natasha
D:4:      layout_cave_pods, uniq_blork_the_orc, uniq_pikel
D:5:      layout_basic
D:6:      layout_gridville, corexii_shack, grunt_ministairs_9
D:7:      layout_basic, minmay_temple_entry_wispy, uniq_harold
D:8:      layout_basic, marbit_many_paths, minmay_misc_feat_plants,
          nrook_loot_triangle, lemuel_flame_loot_1, uniq_prince_ribbit1
D:9:      layout_loops_ring, erik_lair_orcish_takeover, minmay_between

Skill      XL: |  1  2  3  4  5  6  7  8  9 10 |
---------------+-------------------------------+-----
Dodging        | 2 3 4 5 6 7 |  7.8
Fighting       | 4 6 7 9 10 | 10.5
Maces & Flails | 4 5 7 8 9 |  9.7
Armour         | |  2.2

Action                   |  1- 3 |  4- 6 |  7- 9 | 10-12 || total
-------------------------+-------+-------+-------+-------++-------
Melee: Mace              |    26 |       |       |       ||    26
       Whip              |   115 |   231 |   380 |   220 ||   946
       Punch             |     3 |     1 |     6 |     2 ||    12
       Unarmed           |       |    10 |       |       ||    10
Throw: Throwing net      |       |       |       |     3 ||     3
Invok: Berserk           |     1 |     4 |     9 |     4 ||    18
       Trog's Hand       |       |     2 |     2 |     1 ||     5
  Use: Potion            |       |     1 |       |     3 ||     4
       Scroll            |       |     1 |       |     2 ||     3
 Stab: Sleeping          |     1 |       |       |       ||     1
       Held in net/web   |       |       |       |     2 ||     2
Armor: Animal skin       |    21 |       |       |       ||    21
       Leather armour    |    24 |       |       |       ||    24
       Plate armour      |    23 |   106 |   184 |    95 ||   408
       Skin              |       |     4 |       |       ||     4
Dodge: Dodged            |    69 |    59 |   113 |    66 ||   307

Table legend: (Time is in decaauts)
 A = Elapsed time spent in this place.
 B = Non-inter-level travel time spent in this place.
 C = Inter-level travel time spent in this place.
 D = Time resting spent in this place.
 E = Time spent auto-exploring this place.
 F = Levels seen in this place.
 G = Mean time per level.
                   A        B        C        D        E       F      G
               +--------+--------+--------+--------+--------+-----+--------+
         Total |  11435 |  11171 |    264 |   2587 |   6856 |   9 | 1270.6 |
       Dungeon |  11435 |  11171 |    264 |   2587 |   6856 |   9 | 1270.6 |
               +--------+--------+--------+--------+--------+-----+--------+

Top non-repeatable levels by time:
     D:7: 1632 daAuts
     D:2: 1552 daAuts
     D:1: 1401 daAuts
     D:6: 1338 daAuts
     D:3: 1318 daAuts
     D:5: 1294 daAuts
     D:4: 1180 daAuts
     D:8: 1046 daAuts
     D:9: 670 daAuts
